 Dungeon Crawl Stone Soup version 0.31-a0-192-ga50d7bf3bb (webtiles) character file.

Game seed: 207930898905752606

11 qw the Shooter (level 2, -1/16 HPs)
             Began as a Deep Elf Hunter on June 23, 2023.
             Killed from afar by Sigmund (6 damage)
             ... with a magic dart
             ... on level 2 of the Dungeon.
             The game lasted 00:00:12 (1065 turns).

qw the Shooter (Deep Elf Hunter)                    Turns: 1065, Time: 00:00:13

Health: -1/16      AC:  5    Str:  8    XL:     2   Next: 17%
Magic:  4/4        EV: 10    Int: 13    God:
Gold:   26         SH:  0    Dex: 18    Spells: 1/1 levels left

rFire   . . .        Y - +0 shortbow
rCold   . . .        (shield currently unavailable)
rNeg    . . .        h - +0 ring mail
rPois   .            (no helmet)
rElec   .            (no cloak)
rCorr   .            (no gloves)
SInv    .            (no boots)
Will    .....        (no amulet)
Stlth   +            (no ring)
HPRegen 0.22/turn    (no ring)
MPRegen 0.09/turn

%: no passive effects
@: no status effects
A: no striking features
a: no special abilities


You were on level 2 of the Dungeon.
You visited 1 branch of the dungeon, and saw 2 of its levels.

You collected 26 gold pieces.


   Skills:
 - Level 1.5 Fighting
 + Level 6.0 Ranged Weapons
 - Level 2.4 Dodging
 - Level 1.2 Stealth


You had one spell level left.
You didn't know any spells.
Your spell library was empty.

Inventory:

Hand Weapons
 Y - a +0 shortbow (weapon)
Armour
 h - a +0 ring mail (worn)
Potions
 e - a potion of attraction {unknown}
 l - a potion of cancellation {unknown}

Dungeon Overview and Level Annotations

Branches:
Dungeon (2/15)

Altars:

Annotations:
D:2 Sigmund


Message History

Done exploring.
1024 ||| READING scroll labelled CINACY PAVA.
As you read the scroll labelled CINACY PAVA, it crumbles to dust.
Your body is wracked with pain!
It was a scroll of torment.
You start resting.
HP restored.
Done exploring.
1053 ||| READING scroll labelled MOIMAPN JOINOL.
As you read the scroll labelled MOIMAPN JOINOL, it crumbles to dust.
You assume a fearsome visage.
Nothing appears to happen.
It was a scroll of fear.
Done exploring.
1054 ||| DROPPING scroll of butterflies.
You drop a scroll of butterflies.
Done exploring.
(D) Dungeon
Where to? (* - list waypoints, ? - help)
What level of the Dungeon? (default 1, ? - help)
There is a stone staircase leading down here.
You climb downwards.
Sigmund shouts!
The orc shouts!
The orc priest shouts!
You hear a shout!
The orc shouts! x2; You hear a shout!
You hear an angry hiss.
Found a viscous golden potion and 2 gold pieces.
Found a stone staircase leading up and a stone staircase leading down.
There is a stone staircase leading up here.
There are monsters nearby!
Waypoint 1 assigned to D:2.
You shoot an arrow. The arrow hits the orc!
You kill the orc!
You shoot an arrow.
The arrow hits Sigmund but does no damage.
A goblin comes into view. It is wielding a +0 dagger.
A frilled lizard comes into view.
You shoot an arrow. The arrow barely misses Sigmund.
The orc priest invokes the aid of Beogh against you.
Pain shoots through your body!
Ouch! That really hurt!
A frilled lizard comes into view.
Sigmund points at you and mumbles some strange words.
The magic dart hits you.
You die...

#########
........##
.....$...##
#.........#
.!<....@..#
l.........#
#.........#
##..o.oo@.#
#..o....##
l.........
..g.......
..........#


You could see Sigmund, an orc priest, 3 orcs, a goblin and 2 frilled lizards.

Vanquished Creatures
  An orc (D:2)
  A goblin (D:1)
  2 hobgoblins (D:1)
  A quokka (D:1)
  A ball python (D:1)
  2 frilled lizards (D:1)
  2 kobolds (D:1)
10 creatures vanquished.

Notes
Turn   | Place    | Note
-------+----------+-------------------------------------------
     0 | D:1      | qw the Deep Elf Hunter began the quest for the Orb.
     0 | D:1      | Reached XP level 1. HP: 12/12 MP: 3/3
     0 | D:1      | Noticed an iron dragon
     0 | D:1      | 0 ||| qw: Version: 0.3-a-9-g12657ce
     0 | D:1      | 0 ||| qw: Game counter: 4552
     0 | D:1      | 0 ||| qw: Always use a shield: true
     0 | D:1      | 0 ||| qw: God list: Okawaru
     0 | D:1      | 0 ||| qw: Allow faded altars: false
     0 | D:1      | 0 ||| qw: Do Orc after D:15 true
     0 | D:1      | 0 ||| qw: Do second Lair branch before Depths: true
     0 | D:1      | 0 ||| qw: Lair rune preference: random
     0 | D:1      | 0 ||| qw: Plans: Normal
     0 | D:1      | 0 ||| PLANNING D:1-11
     2 | D:1      | Noticed a large abomination
     4 | D:1      | Noticed a large abomination
     6 | D:1      | Noticed an iron dragon
     7 | D:1      | Noticed a shadow dragon
     8 | D:1      | Noticed an orb of fire
    11 | D:1      | Noticed a large abomination
    11 | D:1      | Noticed a black draconian
    13 | D:1      | Noticed a large abomination
    13 | D:1      | Noticed a shadow dragon
    15 | D:1      | Noticed a tentacled monstrosity
    15 | D:1      | Noticed an iron dragon
    17 | D:1      | Noticed an iron dragon
    17 | D:1      | Noticed a white draconian
    17 | D:1      | Noticed a large abomination
    19 | D:1      | Noticed a shadow dragon
    21 | D:1      | Noticed an orb of fire
   850 | D:1      | Reached XP level 2. HP: 16/16 MP: 4/4
   855 | D:1      | Found a faded altar of an unknown god.
   913 | D:1      | Reached skill level 6 in Ranged Weapons
  1007 | D:1      | 1007 ||| UPGRADING to +0 ring mail.
  1017 | D:1      | 1017 ||| DROPPING +0 leather armour.
  1018 | D:1      | 1018 ||| READING scroll labelled ZEONIF UWUD.
  1021 | D:1      | 1021 ||| READING scroll labelled BETEFE KIAMA.
  1022 | D:1      | 1022 ||| READING scroll labelled LYOLE APSYNUSCH.
  1023 | D:1      | 1023 ||| READING scroll labelled ZOPNEFATUH.
  1024 | D:1      | 1024 ||| READING scroll labelled CINACY PAVA.
  1053 | D:1      | 1053 ||| READING scroll labelled MOIMAPN JOINOL.
  1054 | D:1      | 1054 ||| DROPPING scroll of butterflies.
  1062 | D:2      | Noticed Sigmund
  1065 | D:2      | Killed from afar by Sigmund

Levels and vault maps discovered:
D:1:      shiori_arrival_whats_in_store_for_you, layout_basic,
          shapermc_ecumenical_altar_hornbeckon
D:2:      layout_rooms, basic_altar, minmay_pentomino_r4, uniq_sigmund,
          uniq_crazy_yiuf_cottage

Skill      XL: |  1  2 |
---------------+-------+-----
Ranged Weapons | 6 |  6.0
Fighting       | |  1.5
Dodging        | |  2.4
Stealth        | |  1.2

Action                     || total
---------------------------++-------
   Fire: Shortbow          ||    32
    Use: Scroll            ||     6
  Dodge: Dodged            ||     2

Table legend:
 A = Non-vault XP
 B = Vault XP
 C = Vault XP percentage of total XP
 D = Non-vault monster count
 E = Vault monster count
 F = Vault count percentage of total count
                 A         B        C        D         E       F
            +---------+---------+-------+---------+---------+-------
      Total |      17 |       0 |   0.0 |      10 |       0 |   0.0
            +---------+---------+-------+---------+---------+-------
        D:1 |      14 |       0 |   0.0 |       9 |       0 |   0.0
        D:2 |       3 |       0 |   0.0 |       1 |       0 |   0.0
            +---------+---------+-------+---------+---------+-------
